 Dungeon Crawl Stone Soup version 0.23-a0-641-g0a7f1ce553 (webtiles) character file.

237384 HereIgoKillingAgain the End of an Era (level 19, -6/181 HPs)
             Began as a Hill Orc Fighter on Dec 30, 2018.
             Was the Champion of Qazlal.
             Mangled by a flayed ghost (23 damage)
             ... on level 1 of the Vaults.
             The game lasted 00:58:08 (32673 turns).

HereIgoKillingAgain the End of an Era (HOFi)       Turns: 32673, Time: 00:58:09

Health: -6/181     AC: 13    Str: 24    XL:     19   Next: 23%
Magic:  33/33      EV:  8    Int: 13    God:    Qazlal [******]
Gold:   2073       SH: 45    Dex: 10    Spells: 18/18 levels left

rFire    + + .     SeeInvis +   c - +7 broad axe "Durghon" {chop, Int+3}
rCold    + + .     Gourm    .   v - +10 large shield of Ignorance {rN+ Int-4}
rNeg     + . .     Faith    .   U - +5 scale mail "Tocs" {rPois Regen+ Str+3}
rPois    +         Spirit   .   R - +2 helmet {SInv}
rElec    .         Reflect  +   T - scarf {rC+ rF+}
rCorr    .         Harm     .   (no gloves)
MR       ++...                  (no boots)
Stlth    ..........             Q - +5 amulet of reflection
HPRegen  0.80/turn              o - +5 ring of slaying
MPRegen  0.23/turn              S - ring of protection from magic

@: flayed, protected from cold, repel missiles
A: deformed body, fire resistance 1, robust 1
}: 2/15 runes: decaying, gossamer
a: Upheaval, Elemental Force, Disaster Area, Renounce Religion


You were on level 1 of the Vaults.
You worshipped Qazlal.
Qazlal was exalted by your worship.
You were not hungry.

You visited 7 branches of the dungeon, and saw 33 of its levels.
You also visited: Bailey.

You collected 3310 gold pieces.
You spent 1237 gold pieces at shops.

Inventory:

Hand Weapons
 c - the +7 broad axe "Durghon" (weapon) {chop, Int+3}
   (You acquired it on level 2 of the Orcish Mines)

   It inflicts extra damage upon your enemies.
   It affects your intelligence (+3).
Armour
 b - the +2 plate armour "Hekhlawij" {-Cast rElec Str+4 Dex+3}
   (You bought it in a shop on level 2 of the Orcish Mines)

   It affects your strength (+4).
   It affects your dexterity (+3).
   It insulates you from electricity.
   It prevents spellcasting.
 v - the +10 large shield of Ignorance (worn) {rN+ Int-4}
   (You found it on level 5 of the Dungeon)

   It affects your intelligence (-4).
   It protects you from negative energy.
 O - a scarf of repulsion
 R - a +2 helmet of see invisible (worn)
 T - a scarf of resistance (worn)
 U - the +5 scale mail "Tocs" (worn) {rPois Regen+ Str+3}
   (You found it on level 3 of the Spider Nest)

   It affects your strength (+3).
   It protects you from poison.
   It increases your rate of regeneration.
Jewellery
 d - an uncursed ring of flight
 m - an uncursed ring of protection from cold
 n - an uncursed ring of positive energy
 o - a +5 ring of slaying (left hand)
 p - the ring "Kefy" {rCorr Str+5 SInv}
   (You found it in a bailey)

   [ring of resist corrosion]

   It affects your strength (+5).
   It lets you see invisible.
 G - an uncursed ring of protection from fire
 Q - a +5 amulet of reflection (around neck)
 S - a ring of protection from magic (right hand)
 V - an uncursed ring of stealth
Wands
 w - a wand of flame (70)
 A - a wand of polymorph (33)
 C - a wand of random effects (17)
 E - a wand of paralysis (18)
 J - a wand of digging (6)
 N - a wand of acid (10)
Scrolls
 a - 5 scrolls of identify
 e - 14 scrolls of remove curse
 i - 3 scrolls of silence
 q - a scroll of holy word
 r - 7 scrolls of enchant armour
 u - 6 scrolls of enchant weapon
 y - a scroll of fear
 z - 8 scrolls of teleportation
 F - 4 scrolls of immolation
 H - 3 scrolls of fog
 I - 2 scrolls of blinking
 L - 3 scrolls of amnesia
 P - 6 scrolls of magic mapping
Potions
 g - 8 potions of curing
 h - 3 potions of haste
 j - a potion of cancellation
 k - 5 potions of heal wounds
 l - 3 potions of ambrosia
 s - 3 potions of invisibility
 t - 3 potions of brilliance
 x - 2 potions of agility
 B - 2 potions of flight
 D - a potion of berserk rage
 M - 2 potions of resistance
 W - a potion of magic
Miscellaneous
 K - a lamp of fire
Comestibles
 f - 38 rations


   Skills:
 - Level 13.5 Fighting
 - Level 20.6 Axes
 - Level 9.3 Armour
 + Level 18.5 Shields
 + Level 21.6 Invocations
 - Level 8.6 Evocations


You had 18 spell levels left.
You didn't know any spells.
Your spell library contained the following spells:

 Spells                   Type           Power        Failure   Level  Hunger
 Animate Skeleton         Necr           N/A          83%         1    ##.....
 Flame Tongue             Conj/Fire      #....        83%         1    ##.....
 Magic Dart               Conj           #...         83%         1    ##.....
 Pain                     Necr           #...         83%         1    ##.....
 Sting                    Conj/Pois      #...         83%         1    ##.....
 Summon Small Mammal      Summ           #...         83%         1    ##.....
 Call Imp                 Summ           #.......     92%         2    ###....
 Poisonous Vapours        Pois/Air       #.....       92%         2    ###....
 Searing Ray              Conj           #.....       92%         2    ###....
 Sublimation of Blood     Necr           #.........   92%         2    ###....
 Throw Flame              Conj/Fire      #.....       92%         2    ###....
 Call Canine Familiar     Summ           #.......     99%         3    ####...
 Conjure Flame            Conj/Fire      #.......     99%         3    ####...
 Dazzling Spray           Conj/Hex       #.....       99%         3    ####...
 Ignite Poison            Fire/Tmut/Pois #.......     99%         3    ####...
 Inner Flame              Hex/Fire       #.......     99%         3    ####...
 Mephitic Cloud           Conj/Pois/Air  #.......     99%         3    ####...
 Regeneration             Chrm/Necr      #.........   99%         3    ####...
 Summon Guardian Golem    Hex/Summ       #.......     99%         3    ####...
 Vampiric Draining        Necr           #.........   99%         3    ####...
 Animate Dead             Necr           N/A          100%        4    #####..
 Force Lance              Conj/Tloc      #.......     100%        4    #####..
 Fulminant Prism          Conj/Hex       #.........   100%        4    #####..
 Iskenderun's Mystic Bla  Conj           #.......     100%        4    #####..
 Olgreb's Toxic Radiance  Pois           #.......     100%        4    #####..
 Petrify                  Tmut/Erth      #.......     100%        4    #####..
 Sticky Flame             Conj/Fire      #.......     100%        4    #####..
 Summon Ice Beast         Ice/Summ       #.......     100%        4    #####..
 Summon Lightning Spire   Summ/Air       #.......     100%        4    #####..
 Alistair's Intoxication  Tmut/Pois      #.......     100%        5    ######.
 Fireball                 Conj/Fire      #.........   100%        5    ######.
 Irradiate                Conj/Tmut      #.........   100%        5    ######.
 Venom Bolt               Conj/Pois      #.........   100%        5    ######.


Dungeon Overview and Level Annotations

Branches:
Dungeon (15/15)            Temple (1/1) D:4            Lair (6/6) D:9
  Swamp (4/4) Lair:3       Spider (4/4) Lair:2        Slime (0/5) Lair:5
    Orc (2/2) D:12            Elf (0/3) Orc:2        Vaults (1/5) D:14
 Depths: D:15

Altars:
Ashenzari
Cheibriados
Dithmenos
Elyvilon
Gozag
Hepliaklqana
Kikubaaqudgha
Makhleb
Nemelex Xobeh
Okawaru
Qazlal
Ru
Sif Muna
Trog
Vehumet
Wu Jian
Xom
Yredelemnul
Zin
The Shining One
Beogh

Shops:
D:6 :   D:10 =   D:13 (   Orc:1 :   Orc:2 }=*:(

Portals:
Hell: Lair:6

Annotations:
D:13 1 runed door, lis82's ghost, journeyman DgWz
Lair:5 exclusion: 4 oklob plants
Orc:2 2 runed doors, exclusion: 3 orange crystal statues, Awonwept's ghost, adept KoBe


Innate Abilities, Weirdness & Mutations

Armour fits poorly on your strangely shaped body.
Your flesh is heat resistant. (rF+)
You are robust. (+10% HP)


Message History

You block the frost giant's attack. You block the flayed ghost's attack.
The storm dragon bites you!!
* * * LOW HITPOINT WARNING * * *
You block the storm dragon's attack. The storm dragon tramples you!
* * * LOW HITPOINT WARNING * * *
You hold your ground!
Things that are here:
a +0 troll leather armour; a deep troll corpse Unknown command.
You closely miss the flayed ghost. You slash the frost giant!
You completely miss the storm dragon. You block the frost giant's attack.
The storm dragon bites you but does no damage.
You block the storm dragon's attack. x2; The flayed ghost hits you!
* * * LOW HITPOINT WARNING * * *
Unknown command.
You slash the flayed ghost!
The flayed ghost is lightly damaged.
You slash the storm dragon! You slice the frost giant!!
You block the storm dragon's attack. x3; The flayed ghost hits you!!
You die...

#.....# #.....#
# #.....### '###
#.....#.. ...#
#.....#.# ....#
#.....#.##....
#.....#○DW#
#....§°.@.#
#....°#[C°○...#
#.....#..○○...#
#.....########..
#.....# .
#.....# #.....#
#.....# #.....#


You could see a storm dragon, a frost giant and a flayed ghost.

Vanquished Creatures
  the Lernaean hydra (Swamp:4)
  Nikola (Spider:4)
  A thorn hunter (Swamp:3)
  Kirke (Spider:2)
  Roxanne (Spider:2)
  A deep elf sorcerer (Vaults:1)
  5 emperor scorpions
  3 ghost moths
  2 ironheart preservers (Vaults:1)
  A very ugly thing (Lair:3)
  3 entropy weavers
  A deep elf annihilator (Vaults:1)
  A dire elephant (Lair:2)
  Snorg (D:14)
  A great orb of eyes (Vaults:1)
  A fire dragon (Vaults:1)
  2 yaktaur captains (Vaults:1)
  3 vault guards (D:14)
  Harold (D:9)
  21 hydras
  13 two-headed ogres
  4 shambling mangroves (Swamp:1)
  5 centaur warriors
  16 alligators
  4 death yaks
  3 ogre magi (Orc:2)
  A deep troll earth mage (Vaults:1)
  2 deep elf knights (Vaults:1)
  14 swamp dragons
  A fire crab (Lair:6)
  A sixfirhy (Lair:6)
  2 wizards
  5 deep trolls
  2 spriggan druids
  3 unseen horrors
  A lindwurm (shapeshifter) (Vaults:1)
  21 wolf spiders
  A lindwurm (Lair:2)
  15 orb spiders
  2 orc knights
  2 deep elf magi (Vaults:1)
  An orange crystal statue (Orc:2)
  3 necromancers (D:14)
  A wolf spider zombie (D:15)
  4 orc sorcerers
  21 ugly things
  4 cyclopes
  4 elephants
  4 moths of wrath
  6 manticores
  Psyche (D:9)
  2 vault sentinels (Vaults:1)
  2 orange demons (Lair:6)
  2 gargoyles
  A black mamba (Lair:2)
  4 torpor snails
  12 spiny frogs
  A redback zombie (D:14)
  8 komodo dragons
  3 rime drakes (Lair:6)
  2 ice devils (Lair:6)
  2 freezing wraiths (Vaults:1)
  A hellwing (Lair:6)
  17 demonic crawlers
  A red devil (Lair:6)
  16 trolls
  18 tyrant leeches
  28 jumping spiders
  A merfolk (D:10)
  2 polar bears
  26 hornets
  5 bog bodies
  Prince Ribbit (D:9)
  A hornet (shapeshifter) (Vaults:1)
  16 slime creatures
  6 hippogriffs
  3 blink frogs (Lair:3)
  84 redbacks
  2 shadows
  Sigmund (D:2)
  7 spriggans
  4 hogs (Spider:2)
  39 tarantellas
  2 wraiths (Vaults:1)
  4 wyverns
  31 yaks
  A basilisk (shapeshifter) (Vaults:1)
  16 humans (D:14)
  4 steam dragons
  22 vampire mosquitoes
  22 swamp worms
  4 acid dragons
  A warg (Orc:2)
  A soldier ant (D:11)
  3 insubstantial wisps (Swamp:1)
  5 hell hounds (Lair:6)
  11 water moccasins
  9 porcupines
  12 swamp drakes
  3 ice beasts
  5 sky beasts
  An eye of draining (D:11)
  7 black bears
  2 necrophages
  2 phantoms
  42 ogres
  25 orc warriors
  12 wolves
  26 centaurs
  17 crocodiles
  A big kobold (D:10)
  Blork the orc (D:6)
  20 bullfrogs
  A gnoll sergeant (D:12)
  A water moccasin zombie (D:9)
  4 scorpions
  18 killer bees
  13 wights
  8 electric eels
  7 howler monkeys
  7 crimson imps
  3 centaur zombies
  2 bullfrog zombies
  10 hounds
  5 jellies
  2 bullfrog skeletons
  A gnoll shaman (D:6)
  18 orc priests
  16 orc wizards
  3 centaur skeletons
  4 iguanas
  4 hell rats
  7 worker ants
  3 hound zombies
  3 hound skeletons
  16 gnolls
  12 adders
  12 river rats
  4 shadow imps
  A white imp (Spider:4)
  An ooze (D:2)
  4 worms
  6 dart slugs
  5 leopard geckos
  121 orcs
  3 ball pythons
  7 giant cockroaches
  4 goblins
  10 hobgoblins
  10 jackals
  7 quokkas
  4 bats
  4 frilled lizards
  2 jackal skeletons (D:4)
  13 kobolds
  11 rats
  5 briar patches (Swamp:3)
  2 fungi
  2 plants
1255 creatures vanquished.

Vanquished Creatures (collateral kills)
  Frances (Spider:2)
  An emperor scorpion (Spider:4)
  An entropy weaver (Spider:2)
  A hydra (Lair:5)
  3 death yaks (Lair:5)
  An orb spider (Spider:3)
  A wolf spider (Spider:3)
  A jumping spider (Spider:2)
  A redback (Spider:2)
  2 tarantellas (Spider:2)
  A crocodile (Lair:5)
  2 hell rats (Lair:5)
16 creatures vanquished.

Vanquished Creatures (others)
  A centaur warrior (Vaults:1)
  An unseen horror (D:13)
  An orb spider (Spider:4)
  A jumping spider (Spider:4)
  A hornet (Spider:4)
  3 redbacks (Spider:4)
  A human (D:14)
  A briar patch (Swamp:3)
  4 fungi
  7 plants
  6 toadstools (Lair:2)
27 creatures vanquished.

Grand Total: 1298 creatures vanquished

Notes
Turn   | Place    | Note
-------+----------+-------------------------------------------
     0 | D:1      | HereIgoKillingAgain the Hill Orc Fighter began the quest
                  | for the Orb.
     0 | D:1      | Reached XP level 1. HP: 19/19 MP: 1/1
     7 | D:1      | Noticed a worker ant
     7 | D:1      | Noticed a water moccasin
     7 | D:1      | Noticed a rime drake
     7 | D:1      | Noticed a wolf
     7 | D:1      | Noticed a polar bear
    72 | D:1      | Reached XP level 2. HP: 26/26 MP: 2/2
   337 | D:1      | Reached XP level 3. HP: 31/31 MP: 3/3
   683 | D:1      | Reached skill level 5 in Axes
   934 | D:2      | Noticed Sigmund
   943 | D:2      | Killed Sigmund
   943 | D:2      | Reached XP level 4. HP: 17/39 MP: 4/4
   943 | D:2      | Reached XP level 5. HP: 20/45 MP: 5/5
  1275 | D:2      | Reached XP level 6. HP: 51/51 MP: 6/6
  1406 | D:2      | Found a faded altar of an unknown god.
  2234 | D:3      | Got a steaming leather armour
  2245 | D:3      | Identified the +1 leather armour of the Bulwark {rC+ Int+3
                  | Slay-4 Stlth+} (You found it on level 3 of the Dungeon)
  2543 | D:3      | You fall through a shaft for 3 floors!
  2551 | D:6      | Reached XP level 7. HP: 52/57 MP: 7/7
  2636 | D:6      | Found Lahoar's Book Shop.
  2671 | D:5      | Entered Level 5 of the Dungeon
  2715 | D:5      | Reached skill level 10 in Axes
  2748 | D:5      | Found the +10 large shield of Ignorance {rN+ Int-4}
  2907 | D:5      | Reached XP level 8. HP: 25/62 MP: 8/8
  3179 | D:4      | Found a staircase to the Ecumenical Temple.
  3268 | Temple   | Entered the Ecumenical Temple
  3304 | Temple   | Became a worshipper of Qazlal Stormbringer
  3381 | D:4      | Reached skill level 1 in Evocations
  3400 | D:4      | Reached skill level 1 in Invocations
  3464 | D:4      | Reached skill level 2 in Invocations
  4272 | D:5      | Found a radiant altar of Vehumet.
  4340 | D:5      | Reached * piety under Qazlal
  4686 | D:6      | Reached skill level 3 in Invocations
  4716 | D:6      | Noticed Blork the orc
  4730 | D:6      | Killed Blork the orc
  4934 | D:6      | Reached skill level 4 in Invocations
  4961 | D:6      | Reached XP level 9. HP: 38/71 MP: 12/12
  5349 | D:6      | Reached skill level 5 in Invocations
  5351 | D:6      | Reached skill level 5 in Fighting
  5760 | D:7      | Reached skill level 6 in Invocations
  5763 | D:7      | Reached skill level 5 in Shields
  5784 | D:7      | Reached ** piety under Qazlal
  6151 | D:7      | Got a transparent hand axe
  6152 | D:7      | Identified the cursed +3 hand axe "Tumu" {freeze, Fragile
                  | rPois Str+9 Int-4} (You found it on level 7 of the Dungeon)
  6179 | D:7      | Reached skill level 7 in Invocations
  6326 | D:7      | Gained mutation: Armour fits poorly on your strangely
                  | shaped body. [potion of mutation]
  6326 | D:7      | Gained mutation: You are partially covered in icy blue
                  | scales. (AC +2) [potion of mutation]
  6619 | D:8      | Reached XP level 10. HP: 69/84 MP: 15/15
  6667 | D:8      | Reached skill level 8 in Invocations
  6744 | D:8      | Lost mutation: Armour fits poorly on your strangely shaped
                  | body. [potion of mutation]
  6744 | D:8      | Lost mutation: You are partially covered in icy blue
                  | scales. (AC +2) [potion of mutation]
  6744 | D:8      | Gained mutation: Armour fits poorly on your strangely
                  | shaped body. [potion of mutation]
  6744 | D:8      | Gained mutation: You are agile. (Dex +2) [potion of
                  | mutation]
  7063 | D:8      | Reached *** piety under Qazlal
  7396 | D:9      | Noticed Harold
  7405 | D:9      | Killed Harold
  7405 | D:9      | Reached skill level 9 in Invocations
  7439 | D:9      | Noticed Prince Ribbit
  7441 | D:9      | Reached skill level 5 in Evocations
  7486 | D:9      | Killed Prince Ribbit
  7544 | D:9      | Noticed a two-headed ogre
  7570 | D:9      | Killed a two-headed ogre
  7570 | D:9      | Reached skill level 10 in Invocations
  7570 | D:9      | Reached XP level 11. HP: 11/92 MP: 18/18
  7711 | D:9      | Found a staircase to the Lair.
  7732 | D:9      | Noticed Psyche
  7750 | D:9      | Killed Psyche
  7801 | D:9      | Found a shimmering altar of Xom.
  7838 | D:9      | Reached **** piety under Qazlal
  7893 | D:9      | Found a flagged portal.
  8009 | D:9      | Paralysed by fainting for 11 turns
  8029 | Bailey   | Entered a bailey
  8518 | Bailey   | Noticed an orc knight
  8531 | Bailey   | Killed an orc knight
  8546 | Bailey   | Got a translucent pewter ring
  8548 | Bailey   | Identified the ring "Kefy" {rCorr Str+5 SInv} (You found it
                  | in a bailey)
  9194 | D:10     | Entered Level 10 of the Dungeon
  9316 | D:10     | Reached skill level 11 in Invocations
  9684 | D:10     | Found a shadowy altar of Dithmenos.
  9798 | D:10     | Found Kiuheob's Jewellery Shop.
 10167 | D:11     | Reached ***** piety under Qazlal
 10287 | D:11     | Noticed a manticore
 10293 | D:11     | Killed a manticore
 10296 | D:11     | Reached XP level 12. HP: 92/103 MP: 20/20
 10313 | D:11     | You fall through a shaft for 2 floors!
 10332 | D:13     | Reached skill level 12 in Invocations
 10355 | D:13     | Found a runed door.
 10364 | D:13     | Noticed lis82's ghost (journeyman DgWz)
 10403 | D:13     | Noticed a five-headed hydra
 10410 | D:13     | Killed a five-headed hydra
 10414 | D:13     | Reached skill level 10 in Shields
 10497 | D:13     | Found Keiqucem's Antique Weapon Shoppe.
 10519 | D:12     | Noticed a two-headed ogre
 10531 | D:12     | Killed a two-headed ogre
 10630 | D:12     | Noticed a two-headed ogre
 10634 | D:12     | Killed a two-headed ogre
 10946 | D:12     | Found a staircase to the Orcish Mines.
 11054 | D:12     | Noticed a centaur warrior
 11068 | D:12     | Killed a centaur warrior
 11068 | D:12     | Reached skill level 13 in Invocations
 11139 | D:12     | Reached ****** piety under Qazlal
 11834 | D:13     | Noticed a centaur warrior
 11841 | D:13     | Killed a centaur warrior
 11848 | D:13     | Reached XP level 13. HP: 113/113 MP: 23/23
 11946 | D:13     | Reached skill level 10 in Fighting
 12212 | D:14     | Reached skill level 14 in Invocations
 12246 | D:14     | Noticed a vault guard
 12252 | D:14     | Noticed a vault guard
 12265 | D:14     | Killed a vault guard
 12269 | D:14     | Killed a vault guard
 12281 | D:14     | Noticed a vault guard
 12311 | D:14     | Killed a vault guard
 12391 | D:13     | Identified a scroll of acquirement
 12599 | D:14     | Reached skill level 15 in Axes
 12619 | D:14     | Found a gate to the Vaults.
 12944 | D:14     | Found an opulent altar of Gozag.
 13118 | D:14     | Noticed Snorg
 13137 | D:14     | Killed Snorg
 13621 | D:15     | Entered Level 15 of the Dungeon
 13743 | D:15     | Reached skill level 15 in Invocations
 13752 | D:15     | Reached XP level 14. HP: 81/122 MP: 25/25
 13992 | D:15     | Identified the +1 scale mail "Dapeogoa" {rN+}
 14014 | D:15     | Found a roughly hewn altar of Beogh.
 14052 | D:15     | Noticed a fire giant
 14157 | Orc:1    | Entered Level 1 of the Orcish Mines
 14421 | Orc:2    | Entered Level 2 of the Orcish Mines
 14421 | Orc:2    | Found a runed door.
 14463 | Orc:2    | Found Ussypn's Gadget Shop.
 14487 | Orc:2    | Found a runed door.
 14487 | Orc:2    | Noticed Awonwept's ghost (adept KoBe)
 14572 | Orc:2    | Found a runed door.
 14609 | Orc:2    | Reached skill level 16 in Invocations
 14697 | Orc:2    | Found Qotisit's Book Emporium.
 14765 | Orc:2    | Found Syipeci's Jewellery Boutique.
 14771 | Orc:2    | Found Hioqih's Antique Weapon Shoppe.
 14772 | Orc:2    | Found Wianweil's Assorted Antiques.
 14802 | Orc:2    | Found a staircase to the Elven Halls.
 15031 | Orc:2    | Bought an ichor-stained plate armour for 784 gold pieces
 15038 | Orc:2    | Bought a +5 amulet of reflection for 453 gold pieces
 15051 | Orc:2    | Identified the +2 plate armour "Hekhlawij" {-Cast rElec
                  | Str+4 Dex+3} (You bought it in a shop on level 2 of the
                  | Orcish Mines)
 15052 | Orc:2    | Got an iridescent broad axe
 15053 | Orc:2    | Identified the +7 broad axe "Durghon" {chop, Int+3} (You
                  | acquired it on level 2 of the Orcish Mines)
 15113 | Orc:1    | Reached XP level 15. HP: 97/132 MP: 27/27
 15137 | Orc:1    | Found Gadezoz's Book Emporium.
 15674 | Orc:2    | Paralysed by an orc sorcerer for 3 turns
 16105 | Lair:1   | Entered Level 1 of the Lair of Beasts
 16945 | Lair:2   | Reached skill level 17 in Invocations
 17234 | Lair:2   | Found a runed door.
 17325 | Lair:2   | Found a hole to the Spider Nest.
 17747 | Lair:2   | Got a transparent chain mail
 17748 | Lair:2   | Identified the cursed +1 chain mail of Exclusion {*Corrode
                  | rPois rC+ rN+} (You found it on level 2 of the Lair of
                  | Beasts)
 18268 | Lair:3   | Found a staircase to the Swamp.
 18342 | Lair:3   | Found the +10 zealot's sword {holy, *Rage rN+ EV+3}
 18472 | Lair:3   | Got a polished ring mail
 18483 | Lair:3   | Identified the +1 ring mail of Liutil {+Fly Str+4 Int-5
                  | Dex+2} (You found it on level 3 of the Lair of Beasts)
 18625 | Lair:3   | Lost mutation: You are agile. (Dex +2) [potion of mutation]
 18625 | Lair:3   | Lost mutation: Armour fits poorly on your strangely shaped
                  | body. [potion of mutation]
 18625 | Lair:3   | Gained mutation: Armour fits poorly on your strangely
                  | shaped body. [potion of mutation]
 18625 | Lair:3   | Gained mutation: You are robust. (+10% HP) [potion of
                  | mutation]
 18625 | Lair:3   | Gained mutation: Your flesh is heat resistant. (rF+)
                  | [potion of mutation]
 19826 | Lair:5   | Found a staircase to the Slime Pits.
 19973 | Lair:6   | Entered Level 6 of the Lair of Beasts
 20455 | Lair:6   | Paralysed by a wizard for 3 turns
 20494 | Lair:6   | Reached XP level 16. HP: 84/152 MP: 28/28
 20518 | Lair:6   | Found a burning altar of Makhleb.
 20524 | Lair:6   | Found a gateway to Hell.
 20839 | Lair:6   | Got a shimmering spear
 20840 | Lair:6   | Identified the +5 spear "Hulisoaq" {vamp, rF+} (You found
                  | it on level 6 of the Lair of Beasts)
 21335 | Swamp:1  | Entered Level 1 of the Swamp
 22695 | Swamp:2  | Reached skill level 5 in Armour
 24586 | Swamp:3  | Noticed a thorn hunter
 24600 | Swamp:3  | Killed a thorn hunter
 24912 | Swamp:4  | Entered Level 4 of the Swamp
 25109 | Swamp:4  | Reached XP level 17. HP: 141/163 MP: 29/29
 25612 | Swamp:4  | Noticed the 27-headed Lernaean hydra
 25617 | Swamp:4  | Killed the 27-headed Lernaean hydra
 25617 | Swamp:4  | Reached skill level 15 in Shields
 26207 | Swamp:4  | Reached skill level 18 in Invocations
 26371 | Swamp:4  | Got a decaying rune of Zot
 26664 | Spider:1 | Entered Level 1 of the Spider Nest
 27733 | Spider:2 | Noticed Frances
 27748 | Spider:2 | Killed Frances
 27748 | Spider:2 | Reached skill level 19 in Invocations
 27781 | Spider:2 | Noticed Kirke
 27828 | Spider:2 | Killed Kirke
 27828 | Spider:2 | Reached XP level 18. HP: 95/173 MP: 23/31
 28535 | Spider:2 | Noticed Roxanne
 28556 | Spider:2 | Killed Roxanne
 29044 | Spider:3 | Paralysed by a hornet for 3 turns
 30160 | Spider:3 | Reached skill level 20 in Invocations
 30376 | Spider:3 | Got a brightly glowing scale mail
 30379 | Spider:3 | Identified the +5 scale mail "Tocs" {rPois Regen+ Str+3}
                  | (You found it on level 3 of the Spider Nest)
 30591 | Spider:4 | Entered Level 4 of the Spider Nest
 30676 | Spider:4 | Noticed Nikola
 30943 | Spider:4 | Killed Nikola
 31338 | Spider:4 | Got a shimmering scale mail
 31339 | Spider:4 | Identified the +4 scale mail of Divine Compulsion {-Cast
                  | rF++ rN+ Dex+2} (You found it on level 4 of the Spider
                  | Nest)
 32001 | Spider:4 | Reached skill level 21 in Invocations
 32005 | Spider:4 | Got a gossamer rune of Zot
 32287 | Vaults:1 | Entered Level 1 of the Vaults
 32380 | Vaults:1 | Reached XP level 19. HP: 181/181 MP: 33/33
 32673 | Vaults:1 | Mangled by a flayed ghost

Vault maps used:
D:1:      onia_arrival_zoo_common
D:2:      chequers_ecumenical_altar_lobes, uniq_sigmund
D:3:      minmay_divided_ellipse
D:4:      temple_hall
D:5:      vehumet_altar_wand_db, first_ration
D:6:      serial_shops, shop, uniq_blork_the_orc
D:8:      cheibrodos_steamvent
D:9:      dpeg_oklobed_lair, enter_bailey_8, basic_altar, uniq_harold,
          uniq_psyche, uniq_prince_ribbit1
D:10:     serial_shops, shop_statue, hangedman_fish_farm,
          nicolae_dithmenos_the_darkroom
D:12:     orc_0_dummy
D:13:     hellmonk_ghost_happy_afterlife, serial_shops, kennysheep_mini_moat
D:14:     grunt_vaults_entry_tiered, nicolae_gozag_seed_capital,
          ebering_dispersal_statue_hall, uniq_snorg
D:15:     grunt_enter_depths_giant_problem, corexii_leaking_fountain,
          special_room
Temple:   nicolae_temple_the_god_donut
Lair:1:   beast_lair_carwin_large_1
Lair:2:   gammafunk_lair_enchanted_lake, spider_nest_entry_webs,
          kennysheep_rathole
Lair:3:   skrybe_swamp_entry_bodies, minivault_11, lemuel_fruit_tree
Lair:4:   pond
Lair:5:   minmay_slime_entry_oklob_enclosed, serial_bayou_lagoon_a,
          minmay_lair_oklob_chamber
Lair:6:   evil_forest, chequers_serial_rivers_marsh,
          chequers_serial_rivers_micro_d, minmay_stone_trees_medium,
          lemuel_fruit_fields
Swamp:1:  evilmike_swamp_ruin_house_2
Swamp:2:  evilmike_swamp_ruin_rubble_2
Swamp:3:  evilmike_swamp_ruin_house_3, swamp_pool2, cheibrodos_swamp_slimy
Swamp:4:  swamp_old_school
Spider:1: worms_lemuel
Spider:2: guppyfry_spider_mini_2, uniq_kirke, uniq_roxanne, uniq_frances
Spider:3: nicolae_spider_mines_1
Spider:4: spider_rune_water, nicolae_crawler_farm, uniq_nikola
Orc:1:    serial_shops, shop, lightli_orcish_oven
Orc:2:    st_orc_open, gammafunk_ghost_grave, serial_shops, shop,
          chequers_guarded_unrand_ignorance
Vaults:1: hangedman_vaults_pinch, vaults_mumra_minichess_inversion,
          nicolae_vaults_windows_and_doors_thing, v_misc_13, v_misc_4,
          v_rooms_1, ontoclasm_vaults_claustrophobia, hangedman_vaults_slice,
          st_octagons_2, nicolae_vaults_little_squares_3, vaults_dpeg_hooks,
          serial_shops, shop
Bailey:   bailey_polearm_2, bailey

Skill      XL: |  1  2  3  4  5  6  7  8  9 10 11 12 13 14 15 16 17 18 |
---------------+-------------------------------------------------------+-----
Axes           | 3 4 7 8 9 11 12 13 14 15 16 19 20 | 20.6
Evocations     | 2 4 5 6 7 8 |  8.6
Invocations    | 4 7 10 11 13 15 16 17 19 21 | 21.6
Fighting       | 4 6 7 8 9 10 12 13 | 13.5
Shields        | 4 5 7 9 11 12 14 16 18 | 18.5
Armour         | 4 7 9 |  9.3

Action                   |  1- 3 |  4- 6 |  7- 9 | 10-12 | 13-15 | 16-18 | 19-21 || total
-------------------------+-------+-------+-------+-------+-------+-------+-------++-------
Melee: War axe           |    73 |   197 |   362 |       |       |       |       ||   632
       Hand axe          |       |       |    41 |   735 |   540 |       |       ||  1316
       Broad axe         |       |       |       |       |   354 |   920 |    78 ||  1352
       Unarmed           |       |       |       |       |       |     3 |       ||     3
Invok: Upheaval          |       |       |       |       |     3 |    12 |       ||    15
       Elemental Force   |       |       |       |       |     1 |     3 |       ||     4
       Disaster Area     |       |       |       |       |       |     5 |       ||     5
Evoke: Wand              |       |       |       |    13 |    14 |    24 |       ||    51
  Use: Scroll            |     2 |       |    11 |     8 |    19 |    18 |     1 ||    59
       Potion            |     1 |       |     7 |     2 |    11 |     9 |       ||    30
 Stab: Distracted        |       |       |     1 |       |       |     1 |       ||     2
       Paralysed         |       |       |       |     8 |       |     1 |       ||     9
  Eat: Chunk             |       |     5 |     4 |     3 |    12 |     5 |       ||    29
       Ration            |       |       |     3 |     4 |     5 |    11 |       ||    23
Armor: Scale mail        |    30 |    76 |    59 |    45 |     8 |    40 |    10 ||   268
       Skin              |       |       |    43 |       |       |       |       ||    43
       Troll leather arm |       |       |       |       |    16 |       |       ||    16
       Plate armour      |       |       |       |       |    39 |   158 |       ||   197
Dodge: Dodged            |    20 |    45 |    47 |    63 |    42 |    80 |    10 ||   307
       Deflected         |       |       |       |     4 |     7 |     4 |       ||    15
Block: Shield            |    29 |    81 |     9 |       |       |       |       ||   119
       Large shield      |       |       |   488 |   773 |   993 |  1477 |   109 ||  3840
       Reflection        |       |       |       |       |     5 |    41 |    15 ||    61
       Other             |       |       |       |       |       |     3 |       ||     3

Table legend:
 A = Non-vault XP
 B = Vault XP
 C = Vault XP percentage of total XP
 D = Non-vault monster count
 E = Vault monster count
 F = Vault count percentage of total count
                 A         B        C        D         E       F
            +---------+---------+-------+---------+---------+-------
      Total |  204644 |  131318 |  39.1 |     908 |     360 |  28.4
            +---------+---------+-------+---------+---------+-------
        D:1 |      55 |       0 |   0.0 |      22 |       0 |   0.0
        D:2 |      69 |     220 |  76.1 |      24 |       1 |   4.0
        D:3 |     124 |     133 |  51.8 |      21 |      12 |  36.4
        D:4 |     397 |       0 |   0.0 |      17 |       0 |   0.0
        D:5 |     710 |       2 |   0.3 |      30 |       1 |   3.2
        D:6 |     740 |      91 |  11.0 |      24 |       1 |   4.0
        D:7 |    1495 |       0 |   0.0 |      24 |       0 |   0.0
        D:8 |    1243 |     555 |  30.9 |      31 |       3 |   8.8
        D:9 |    2702 |    1712 |  38.8 |      25 |       3 |  10.7
       D:10 |    3531 |     286 |   7.5 |      33 |       1 |   2.9
       D:11 |    3105 |     727 |  19.0 |      31 |      27 |  46.6
       D:12 |    7039 |       0 |   0.0 |      46 |       0 |   0.0
       D:13 |    7437 |       0 |   0.0 |      33 |       0 |   0.0
       D:14 |    7354 |   10191 |  58.1 |      24 |      26 |  52.0
       D:15 |    9821 |     857 |   8.0 |      26 |      20 |  43.5
     Lair:1 |    3273 |     924 |  22.0 |      20 |       8 |  28.6
     Lair:2 |    4637 |    5268 |  53.2 |      23 |      25 |  52.1
     Lair:3 |    5107 |     271 |   5.0 |      17 |       1 |   5.6
     Lair:4 |    2163 |     600 |  21.7 |       8 |       8 |  50.0
     Lair:5 |    7161 |       0 |   0.0 |      21 |       0 |   0.0
     Lair:6 |    5805 |    9058 |  60.9 |      14 |      26 |  65.0
    Swamp:1 |   19823 |       0 |   0.0 |      48 |       0 |   0.0
    Swamp:2 |   14839 |       0 |   0.0 |      31 |       0 |   0.0
    Swamp:3 |    7273 |    1858 |  20.3 |      23 |       6 |  20.7
    Swamp:4 |    8963 |   21561 |  70.6 |      18 |      27 |  60.0
   Spider:1 |   11801 |    5264 |  30.8 |      32 |      19 |  37.3
   Spider:2 |   19802 |    9284 |  31.9 |      62 |      15 |  19.5
   Spider:3 |   14118 |    1288 |   8.4 |      41 |       3 |   6.8
   Spider:4 |   11755 |   28206 |  70.6 |      45 |      49 |  52.1
      Orc:1 |    4251 |     148 |   3.4 |      36 |       6 |  14.3
      Orc:2 |    5038 |   16028 |  76.1 |      35 |      38 |  52.1
   Vaults:1 |   13013 |   15351 |  54.1 |      23 |      22 |  48.9
     Bailey |       0 |    1435 | 100.0 |       0 |      12 | 100.0
            +---------+---------+-------+---------+---------+-------
